 Dungeon Crawl Stone Soup version 0.30-a0-949-g53dc5368d7 (webtiles) character file.

Game seed: 7009267513446673769

42 qeuew the Ruffian (level 3, 36/36 HPs)
             Began as a Troll Monk on Mar 23, 2023.
             Quit the game on level 2 of the Dungeon on Mar 27, 2023.
             The game lasted 00:03:18 (1476 turns).

qeuew the Ruffian (Troll Monk)                      Turns: 1476, Time: 00:03:18

Health: 36/36      AC:  4    Str: 19    XL:     3   Next: 33%
Magic:  2/2        EV: 10    Int:  9    God:
Gold:   106        SH:  0    Dex: 15    Spells: 2/2 levels left

rFire   . . .      SeeInvis .      - Unarmed
rCold   . . .      Faith    .    (no shield)
rNeg    . . .      Spirit   .    a - +0 robe
rPois   .          Reflect  .    (helmet restricted)
rElec   .          Rampage  .    (no cloak)
rCorr   .                        (gloves unavailable)
Will    .....                    (boots unavailable)
Stlth   ++                       (no amulet)
HPRegen 1.06/turn                (no ring)
MPRegen 0.08/turn                (no ring)

@: no status effects
A: large, unfitting armour, claws 3, regeneration 1, shaggy fur 1, tough skin 1,
agile 1, clever 1, noise suppression
a: no special abilities


You were on level 2 of the Dungeon.
You visited 1 branch of the dungeon, and saw 2 of its levels.

You collected 106 gold pieces.

Inventory:

Armour
 a - a +0 robe (worn)
Scrolls
 d - a scroll of identify
 f - a scroll of amnesia {unknown}
Potions
 b - a potion of ambrosia
 c - a potion of haste {unknown}
 e - a potion of curing
 h - 3 potions of flight


   Skills:
 + Level 2.7 Fighting
 + Level 2.8 Dodging
 - Level 1.0 Stealth
 * Level 3.8 Unarmed Combat


You had 2 spell levels left.
You didn't know any spells.
Your spell library contained the following spells:

 Spells                   Type           Power      Damage    Failure   Level
 Sting                    Tmut/Pois      0%         1d3       38%         1
 Poisonous Vapours        Pois/Air       0%         N/A       52%         2
 Olgreb's Toxic Radiance  Pois           0%         N/A       99%         4


Dungeon Overview and Level Annotations

Branches:
Dungeon (2/15)

Altars:

Shops:
D:2 [


Innate Abilities, Weirdness & Mutations

You are too large for most types of armour.
You have claws for hands.
Your natural rate of healing is unusually fast.
You are covered in fur. (AC +1)
You have tough skin. (AC +1)
You are agile. (Dex +4, Str/Int -1)
Your mind is acute. (Int +4, Str/Dex -1)
You passively dampen the noise of your surroundings.


Message History

No target in view!
Found a pair of boots.
You see here a +0 pair of boots.
A goblin comes into view. It is wielding a +0 dagger.
A goblin is nearby!
The helpless goblin fails to defend itself.
You claw the goblin!
You kill the goblin!
No target in view!
No target in view!
No target in view!
No target in view!
No target in view!
Found a ring mail.
Found 2 stones.
You see here 2 stones.
You pick up a Young Poisoner's Handbook and begin reading...
You add the spells Sting, Poisonous Vapours and Olgreb's Toxic Radiance to your library.
No target in view!
No target in view!
No target in view!
No target in view!
You see here a +0 ring mail.
There is an escape hatch in the floor here.
You see here a +0 pair of gloves.
There is an escape hatch in the ceiling here.
An endoplasm comes into view.
An endoplasm is nearby!
An endoplasm is nearby!
An endoplasm is nearby!
You claw the endoplasm!
You kill the endoplasm!
No target in view!
No target in view!
No target in view!
No target in view!
No target in view!
No target in view!
No target in view!
Are you sure you want to abandon this character and quit the game? (Confirm with "yes".)

#. #.......# .. #.
#.......# #... #.
#.......# #..##.
#.......# #....
#.......# ####.
#.......# #.
#.......###########.
#..@...............<
#.......############
#.......# #.......#
#.......####
######...#.##
#..#...########
#.#............
#.............


There were no monsters in sight!

Vanquished Creatures
  A dart slug (D:1)
  5 ball pythons
  5 endoplasms
  2 giant cockroaches (D:1)
  4 hobgoblins
  5 jackals (D:1)
  2 bats
  4 frilled lizards
  2 goblins (D:2)
  2 kobolds
  4 rats
36 creatures vanquished.

Notes
Turn   | Place    | Note
-------+----------+-------------------------------------------
     0 | D:1      | qeuew the Troll Monk began the quest for the Orb.
     0 | D:1      | Reached XP level 1. HP: 22/22 MP: 0/0
   112 | D:1      | Reached XP level 2. HP: 29/29 MP: 1/1
   908 | D:1      | Gained mutation: Your mind is acute. (Int +4, Str/Dex -1)
                  | [potion of mutation]
   908 | D:1      | Gained mutation: You are agile. (Dex +4, Str/Int -1)
                  | [potion of mutation]
   908 | D:1      | Gained mutation: You passively dampen the noise of your
                  | surroundings. [potion of mutation]
   938 | D:2      | Reached XP level 3. HP: 36/36 MP: 2/2
  1052 | D:2      | Found Hufusche's Armour Boutique.
  1088 | D:2      | Upgraded the game from 0.30-a0-930-gb9d0489357 to
                  | 0.30-a0-949-g53dc5368d7
  1476 | D:2      | Quit the game

Illustrated notes

Levels and vault maps discovered:
D:1:      nzn_arrival_crosshair, layout_loops_corners, minmay_cupped
D:2:      layout_basic, serial_shops, nicolae_shop_behind_doors,
          hangedman_decor_diamond_cutter

Action                     || total
---------------------------++-------
  Melee: Unarmed           ||    70
         Punch             ||     1
    Use: Scroll            ||     7
         Potion            ||     1
   Stab: Sleeping          ||     7
 Armour: Robe              ||    26
  Dodge: Dodged            ||    21

Table legend: (Time is in decaauts)
 A = Elapsed time spent in this place.
 B = Non-inter-level travel time spent in this place.
 C = Inter-level travel time spent in this place.
 D = Time resting spent in this place.
 E = Time spent auto-exploring this place.
 F = Levels seen in this place.
 G = Mean time per level.
                   A        B        C        D        E       F      G
               +--------+--------+--------+--------+--------+-----+--------+
         Total |   1471 |   1452 |     19 |      0 |   1216 |   2 |  735.5 |
       Dungeon |   1471 |   1452 |     19 |      0 |   1216 |   2 |  735.5 |
               +--------+--------+--------+--------+--------+-----+--------+

Top non-repeatable levels by time:
     D:1: 926 daAuts
     D:2: 544 daAuts
